 Dungeon Crawl Stone Soup version 0.25.0-9-g26727b657a (webtiles) character file.

Game seed: 3887790017533691535

3528 Minion the Carver (level 9, -1/79 HPs)
             Began as a Minotaur Fighter on June 19, 2020.
             Was an Elder of Zin.
             Slain by a porcupine (13 damage)
             ... on level 9 of the Dungeon.
             The game lasted 00:14:17 (7757 turns).

Minion the Carver (Minotaur Fighter)                Turns: 7757, Time: 00:14:18

Health: -1/79      AC:  6    Str: 22    XL:     9   Next: 82%
Magic:  8/8        EV: 15    Int:  5    God:    Zin [****..]
Gold:   477        SH:  5    Dex: 18    Spells: 8/8 levels left

rFire    + . .     SeeInvis .   a - +1 long sword
rCold    . . .     Gourm    .   (no shield)
rNeg     . . .     Faith    .   z - +0 ring mail "Qivvuxzos" {rPois}
rPois    +         Spirit   .   (helmet restricted)
rElec    .         Reflect  +   (no cloak)
rCorr    .         Harm     .   (no gloves)
MR       .....                  (no boots)
Stlth    +.........             o - amulet of reflection
HPRegen  0.23/turn              n - +6 ring of dexterity
MPRegen  0.11/turn              m - ring of protection from fire

@: no status effects
A: retaliatory headbutt, horns 2
a: Recite, Vitalisation, Imprison, Donate Gold, Renounce Religion


You were on level 9 of the Dungeon.
You worshipped Zin.
Zin was greatly pleased with you.
You were not hungry.

You visited 1 branch of the dungeon, and saw 9 of its levels.

You collected 529 gold pieces.
You donated 52 gold pieces to Zin.

Inventory:

Hand Weapons
 a - a +1 long sword (weapon)
Armour
 z - the +0 ring mail "Qivvuxzos" (worn) {rPois}
   (You found it on level 4 of the Dungeon)

   It protects you from poison.
Jewellery
 l - an uncursed ring of resist corrosion
 m - a ring of protection from fire (right hand)
 n - a +6 ring of dexterity (left hand)
 o - an amulet of reflection (around neck)
 u - an uncursed ring of see invisible
 v - an uncursed amulet of regeneration
 y - an uncursed amulet of guardian spirit
Wands
 r - a wand of disintegration (15)
 s - a wand of paralysis (4)
Scrolls
 c - 3 scrolls of amnesia
 g - a scroll of identify
 h - 2 scrolls of teleportation
 k - a scroll of fear
 q - a scroll of blinking
 w - 2 scrolls of fog
 C - 2 scrolls of remove curse
Potions
 b - 2 potions of stabbing {unknown}
 d - a potion of might
 e - a potion of curing
 i - a potion of haste {unknown}
 j - 2 potions of brilliance
 p - 3 potions of heal wounds
 t - 2 potions of ambrosia
Comestibles
 f - 10 rations


   Skills:
 + Level 7.3 Fighting
 + Level 12.6 Long Blades
 + Level 7.3 Armour
 + Level 5.5 Dodging
   Level 3.6 Shields


You had 8 spell levels left.
You didn't know any spells.
Your spell library was empty.

Dungeon Overview and Level Annotations

Branches:
Dungeon (9/15)             Temple (0/1) D:5            Lair (0/6) D:9
    Orc: D:9-12

Altars:
Makhleb
Sif Muna
Zin


Innate Abilities, Weirdness & Mutations

You reflexively headbutt those who attack you in melee.
You have a pair of horns on your head.


Message History

You block the ogre's attack.
The sky beast flickers out of sight!
Deactivating autopickup; reactivate with Ctrl-A.
The porcupine misses you. You furiously retaliate!
You headbutt the porcupine.
A quasit comes into view.
The porcupine bites you but does no damage.
Found a stone staircase leading down.
The quasit gives a chilling moan.
You hear an angry growl.
Found a scroll labeled GECRUJ IKISOPANAWN.
Found 13 arrows.
Your divine stamina fades away.
The ogre hits the plant with a +0 giant spiked club.
A black bear comes into view.
The quasit misses you. x2; The quasit completely misses you.
A sky beast appears from thin air!
Reactivating autopickup.
Found a staircase to the Lair.
The porcupine twitches its whiskers.
The porcupine bites you!
You die...

##########
#..?.....# ##
......>..# ..+
#......@.##..#.
#......r.......
#......5P..P.P.
#.....PYo...P..
###.##P.OP...P.
#..P..P.P....
##...P.P#'##.
#..P...#.(#
#####..P.P# >#


You could see an orc warrior, a sky beast, an ogre, a porcupine and a quasit.

Vanquished Creatures
  A hornet (D:8)
  A human (D:9)
  A wraith (D:9)
  2 orc warriors
  2 sky beasts
  A black bear (D:9)
  3 ice beasts
  3 centaurs
  2 big kobolds
  7 bullfrogs
  4 killer bees (D:8)
  6 howler monkeys
  A crimson imp (D:6)
  A bullfrog skeleton (D:6)
  2 centaur skeletons
  4 orc priests
  6 hounds
  3 jellies
  6 orc wizards
  3 worker ants
  A killer bee zombie (D:7)
  2 hound zombies
  2 worker ant zombies (D:7)
  3 gnolls (D:9)
  7 adders
  A river rat (D:3)
  A shadow imp (D:5)
  2 oozes
  An adder zombie (D:5)
  2 adder skeletons
  6 worms
  6 leopard geckos
  25 orcs
  6 giant cockroaches
  4 goblins
  3 hobgoblins
  12 jackals
  17 kobolds
  4 quokkas
  2 ball pythons
  4 bats
  4 frilled lizards
  A leopard gecko skeleton (D:4)
  5 rats
180 creatures vanquished.

Vanquished Creatures (others)
  A fungus (D:9)
1 creature vanquished.

Grand Total: 181 creatures vanquished

Notes
Turn   | Place    | Note
-------+----------+-------------------------------------------
     0 | D:1      | Minion the Minotaur Fighter began the quest for the Orb.
     0 | D:1      | Reached XP level 1. HP: 19/19 MP: 0/0
   260 | D:1      | Reached skill level 3 in Long Blades
   325 | D:1      | Reached XP level 2. HP: 26/26 MP: 1/1
   630 | D:2      | Reached skill level 4 in Long Blades
   630 | D:2      | Reached XP level 3. HP: 10/31 MP: 2/2
   632 | D:2      | Reached skill level 5 in Long Blades
  1024 | D:2      | Reached XP level 4. HP: 39/39 MP: 3/3
  1395 | D:3      | Reached skill level 6 in Long Blades
  1719 | D:3      | Reached XP level 5. HP: 45/45 MP: 4/4
  2029 | D:3      | Found a glowing silver altar of Zin.
  2032 | D:3      | Reached skill level 7 in Long Blades
  2060 | D:3      | Became a worshipper of Zin the Law-Giver
  2060 | D:3      | Reached * piety under Zin
  2314 | D:4      | Reached XP level 6. HP: 42/51 MP: 5/5
  2392 | D:4      | Reached skill level 8 in Long Blades
  2478 | D:4      | Found a burning altar of Makhleb.
  2558 | D:4      | Got a slimy ring mail
  2574 | D:4      | Identified the cursed +0 ring mail "Qivvuxzos" {rPois} (You
                  | found it on level 4 of the Dungeon)
  2737 | D:4      | Reached ** piety under Zin
  2913 | D:4      | Found a shimmering blue altar of Sif Muna.
  2949 | D:5      | Entered Level 5 of the Dungeon
  3065 | D:5      | Noticed an ice beast
  3074 | D:5      | Killed an ice beast
  3074 | D:5      | Reached skill level 9 in Long Blades
  3074 | D:5      | Reached XP level 7. HP: 49/57 MP: 6/6
  3396 | D:5      | Found a staircase to the Ecumenical Temple.
  3486 | D:5      | Reached skill level 10 in Long Blades
  3770 | D:6      | Reached skill level 11 in Long Blades
  3860 | D:6      | Reached XP level 8. HP: 34/64 MP: 7/7
  4133 | D:6      | Reached skill level 1 in Dodging
  4795 | D:7      | Reached *** piety under Zin
  5238 | D:7      | Reached skill level 5 in Fighting
  5238 | D:7      | Reached skill level 5 in Armour
  5445 | D:8      | Noticed a hornet
  5458 | D:8      | Killed a hornet
  5873 | D:8      | Reached XP level 9. HP: 52/74 MP: 8/8
  5889 | D:8      | Reached skill level 12 in Long Blades
  6366 | D:8      | Reached **** piety under Zin
  7227 | D:9      | Reached skill level 5 in Dodging
  7755 | D:9      | Found a staircase to the Lair.
  7757 | D:9      | Slain by a porcupine

Illustrated notes

Levels and vault maps discovered:
D:1:      tarquinn_simple_flora_water_c, layout_basic
D:2:      layout_basic, first_ration
D:3:      layout_loops_corners, overflow_temple_1_default, gup_sewer_entry_bowl
D:4:      layout_rooms, kennysheep_little_box, makhleb_heckhound_becter,
          moated_statue, minmay_misc_feat_doors
D:5:      layout_basic, minmay_temple_entry_sparse_star
D:6:      layout_loops_ring, minmay_misc_feat_diagonals
D:7:      layout_basic
D:8:      layout_rooms
D:9:      layout_roguey, chequers_temple_overflow_minitemple,
          grunt_lair_entry_orc_guard_hut, grunt_pizzeria,
          minmay_guarded_unrand_variability

Skill      XL: |  1  2  3  4  5  6  7  8  9 |
---------------+----------------------------+-----
Long Blades    | 3 4 5 6 7 9 11 12 | 12.6
Dodging        | 3 5 |  5.5
Fighting       | 5 7 |  7.3
Armour         | 5 7 |  7.3
Shields        | |  3.6

Action                   |  1- 3 |  4- 6 |  7- 9 || total
-------------------------+-------+-------+-------++-------
Melee: Long sword        |    43 |   128 |   309 ||   480
       Headbutt          |     7 |    29 |    49 ||    85
Invok: Recite            |       |     1 |     4 ||     5
       Vitalisation      |       |       |     2 ||     2
  Use: Potion            |     1 |       |       ||     1
       Scroll            |       |    10 |    11 ||    21
 Stab: Confused          |       |       |     1 ||     1
  Eat: Chunk             |       |     7 |     6 ||    13
       Ration            |       |       |     3 ||     3
Armor: Scale mail        |    22 |    35 |       ||    57
       Ring mail         |       |     5 |    71 ||    76
Dodge: Dodged            |    27 |    50 |   155 ||   232
Block: Other             |       |    30 |    62 ||    92
       Reflection        |       |     1 |     3 ||     4
       Rpst.: Long sword |     7 |    16 |    30 ||    53
